 Dungeon Crawl Stone Soup version 0.15-a0-39-g424acf8 (webtiles) character file.

160 Deemzul the Ruffian (level 4, -1/41 HPs)
             Began as a Ghoul Monk on Apr 3, 2014.
             Slain by an adder (5 damage)
             ... on Level 3 of the Dungeon.
             The game lasted 00:01:36 (1525 turns).

Deemzul the Ruffian (Ghoul Monk)                    Turns: 1525, Time: 00:01:36

HP  -1/41        AC  2     Str 15      XL: 4   Next: 34%
MP   3/3         EV 12     Int  5      God:
Gold 83          SH  0     Dex 11      Spells:  0 memorised,  3 levels left

rFire  . . .     SeeInvis .       - Unarmed
rCold  + . .     Clarity  .     a - +0 robe
rNeg   + + +     Conserve .     (no shield)
rPois  +         rCorr    .     (no helmet)
rElec  .         rRot     +     (no cloak)
SustAb . .       Spirit   .     (no gloves)
rMut   .         Warding  .     (no boots)
Saprov + + +     Stasis   .     (no amulet)
MR     .....                    (no ring)
                                (no ring)

@: rotting, not resistant to hostile enchantments, fairly stealthy
A: rotting body, claws 1, carnivore 3, cold resistance 1, life protection 3,
poison resistance, saprovore 3, slow healing 1, torment resistance, unbreathing
a: no special abilities


You were on level 3 of the Dungeon.
You were not hungry.

You visited 1 branch of the dungeon, and saw 3 of its levels.

You collected 83 gold pieces.

Inventory:

Armour
 a - a +0 robe (worn)
Comestibles
 k - a chunk of rat flesh
 p - a rotting chunk of bat flesh
Scrolls
 d - 2 scrolls of identify {unknown}
 f - 2 scrolls of blinking {unknown}
 g - a scroll of teleportation {unknown}
 i - a scroll of enchant weapon I {unknown}
 n - a scroll of enchant weapon II {unknown}
Jewellery
 c - an uncursed ring of wizardry {unknown}
Potions
 b - a potion of haste {unknown}
 e - a potion of lignification {unknown}
 h - a potion of heal wounds {unknown}
 m - a potion of brilliance {unknown}
 o - a potion of might {unknown}


   Skills:
 * Level 4.3 Fighting
 - Level 2.6 Dodging
 - Level 2.1 Stealth
 * Level 5.5 Unarmed Combat


You had 3 spell levels left.
You didn't know any spells.

Dungeon Overview and Level Annotations

Branches:
Dungeon (3/15)

Altars:


Innate Abilities, Weirdness & Mutations

Your body is rotting away.
You have sharp fingernails.
You are carnivorous and can eat meat at any time.
Your flesh is cold resistant.
You are immune to negative energy.
Your system is resistant to poisons.
You thrive on rotten meat.
You heal slowly when monsters are visible.
You are immune to unholy pain and torment.
You can survive without breathing.


Message History

You hit the adder.
The adder is severely wounded.
The bat hits you but does no damage. The adder closely misses you.
You completely miss the adder.
The adder is severely wounded.
The bat hits you. The bat hits you but does no damage. The adder bites you.
* * * LOW HITPOINT WARNING * * *
You are too injured to fight recklessly!
You are too injured to fight recklessly!
You are too injured to fight recklessly!
You hit the adder.
The adder is almost dead.
The bat barely misses you. The adder bites you.
* * * LOW HITPOINT WARNING * * *
You barely miss the adder.
The adder is almost dead.
The bat hits you but does no damage. The adder bites you.
* * * LOW HITPOINT WARNING * * *
The adder bites you.
You die...

..# .#..... #...# ..#
#.#...#.###.### ..#
##.##.##.....####### .##
# ##.......#...........
##.............#########
#...#..##.#.#.##
..........#.#.#
........b......#
.......S@..#.###
..)....##..#.#
.....#....#.#
....#.##..#.# ... #
#..#.# . ...#.# .....#
.##.### #.#


You could see an adder (bleeding) and a bat.

Vanquished Creatures
  3 adders
  2 giant mites
  An orc (D:3)
  A ball python (D:2)
  2 giant cockroaches (D:1)
  4 goblins
  4 hobgoblins
  2 jackals (D:3)
  7 kobolds
  5 bats
  A giant newt (D:2)
  6 rats
38 creatures vanquished.

Notes
Turn   | Place    | Note
--------------------------------------------------------------
     0 | D:1      | Deemzul, the Ghoul Monk, began the quest for the Orb.
     0 | D:1      | Reached XP level 1. HP: 19/19 MP: 1/1
    51 | D:1      | Reached XP level 2. HP: 17/26 MP: 2/2
   702 | D:1      | Reached skill level 5 in Unarmed Combat
   719 | D:2      | Reached XP level 3. HP: 23/30 MP: 3/3
   960 | D:2      | Reached XP level 4. HP: 26/40 MP: 3/3
  1525 | D:3      | Slain by an adder

Action                   |  1- 3 |  4- 6 || total
-------------------------+-------+-------++-------
Melee: Unarmed           |    89 |    47 ||   136
 Stab: Sleeping          |     1 |       ||     1
